 Dungeon Crawl Stone Soup version 0.27-a0-1308-gc08437e49b (webtiles) character file.

Game seed: 11903107095262905422

3006 Wyvernaa the Basher (level 9, -2/54 HPs)
             Began as a Gargoyle Fighter on June 18, 2021.
             Was a Follower of Zin.
             Slain by Gastronok (27 damage)
             ... on level 8 of the Dungeon.
             The game lasted 00:18:36 (7116 turns).

Wyvernaa the Basher (Gargoyle Fighter)              Turns: 7116, Time: 00:18:37

Health: -2/54      AC: 21    Str: 22    XL:     9   Next: 84%
Magic:  9/9        EV:  9    Int:  8    God:    Zin [*.....]
Gold:   356        SH: 16    Dex: 11    Spells: 8/8 levels left

rFire    . . .     SeeInvis .   f - +10 morningstar "Eos" {elec, Halo rElec}
rCold    . . .     Faith    .   c - +0 kite shield
rNeg     + . .     Spirit   .   y - +1 swamp dragon scales
rPois    ∞         Reflect  +   (no helmet)
rElec    +         Harm     .   r - +0 cloak
rCorr    .         Rampage  .   (no gloves)
Will     +....                  (no boots)
Stlth    ..........             u - amulet of reflection
HPRegen  0.18/turn              v - +4 ring of protection
MPRegen  0.11/turn              a - ring of willpower

@: slowed, glowing, very slow
A: sickness immunity, AC +6, negative energy resistance 1, electricity
resistance, torment resistance 1, petrification resistance
a: Renounce Religion, Recite, Donate Gold


You were on level 8 of the Dungeon.
You worshipped Zin.
Zin was aware of your devotion.
You visited 2 branches of the dungeon, and saw 9 of its levels.

You collected 395 gold pieces.
You donated 39 gold pieces to Zin.

Inventory:

Hand Weapons
 f - the +10 morningstar "Eos" (weapon) {elec, Halo rElec}
   (You acquired it on level 5 of the Dungeon)

   Occasionally, upon striking a foe, it can discharge electrical energy and
   cause terrible harm.
   It insulates you from electricity.
Missiles
 k - a throwing net (quivered)
 s - 3 atropa-tipped darts
Armour
 c - a +0 kite shield (worn)
 j - a +0 chain mail
 r - a +0 cloak (worn)
 y - +1 swamp dragon scales (worn)
Jewellery
 a - a ring of willpower (right hand)
 d - a ring of see invisible
 i - a ring of fire
 m - a ring of protection from fire
 u - an amulet of reflection (around neck)
 v - a +4 ring of protection (left hand)
Wands
 e - a wand of flame (47)
 n - a wand of mindburst (11)
 t - a wand of paralysis (6)
Scrolls
 o - 2 scrolls of enchant armour
 p - 2 scrolls of enchant weapon
 q - a scroll of summoning {unknown}
Potions
 g - a potion of attraction {unknown}
 h - a potion of degeneration {unknown}
 l - a potion of curing
 w - a potion of brilliance {unknown}


   Skills:
 + Level 5.3 Fighting
 * Level 10.2 Maces & Flails
 + Level 5.6 Armour
 + Level 1.8 Dodging
 * Level 7.5 Shields


You had 8 spell levels left.
You didn't know any spells.
Your spell library contained the following spells:

 Spells                   Type           Power      Damage    Failure   Level
 Animate Skeleton         Necr           0%         N/A       87%         1
 Beastly Appendage        Tmut           0%         N/A       87%         1
 Foxfire                  Conj/Fire      0%         2x1d4     87%         1
 Pain                     Necr           0%         1d4       87%         1
 Wereblood                Tmut           0%         N/A       95%         2
 Confusing Touch          Hex            0%         N/A       99%         3
 Conjure Flame            Conj/Fire      0%         6-21      99%         3
 Gell's Gravitas          Tloc           0%         N/A       99%         3
 Inner Flame              Hex/Fire       0%         N/A       99%         3
 Spider Form              Tmut/Pois      0%         N/A       99%         3
 Vampiric Draining        Necr           0%         2d6       99%         3
 Animate Dead             Necr           0%         N/A       100%        4
 Cause Fear               Hex            0%         N/A       100%        4
 Ice Form                 Ice/Tmut       0%         N/A       100%        4
 Petrify                  Tmut/Erth      0%         N/A       100%        4
 Sticky Flame             Conj/Fire      0%         2d3       100%        4
 Agony                    Necr           0%         N/A       100%        5
 Fireball                 Conj/Fire      0%         3d3       100%        5
 Metabolic Englaciation   Hex/Ice        0%         N/A       100%        5
 Silence                  Hex/Air        0%         N/A       100%        5
 Yara's Violent Unravell  Hex/Tmut       0%         3d3       100%        5
 Discord                  Hex            0%         N/A       100%        8


Dungeon Overview and Level Annotations

Branches:
Dungeon (8/15)             Temple (1/1) D:7
   Lair: D:8-11

Altars:
Ashenzari
Cheibriados
Dithmenos
Elyvilon
Fedhas
Gozag
Hepliaklqana
Kikubaaqudgha
Makhleb
Nemelex Xobeh
Okawaru
Qazlal
Ru
Sif Muna
Trog
Uskayaw
Vehumet
Wu Jian
Xom
Yredelemnul
Zin
The Shining One

Shops:
D:4 ?

Annotations:
D:8 Gastronok


Innate Abilities, Weirdness & Mutations

You are immune to sickness and miasma.
Your stone body is resilient. (AC +6)
You are immune to poison.
You resist negative energy. (rN+)
You are resistant to electric shocks. (rElec)
You are resistant to unholy torment.
You are immune to petrification.


Message History

The howler monkey zombie is lightly damaged.
You block the howler monkey zombie's attack.
Gastronok looks at you and mumbles some strange words.
You feel yourself slow down.
You sock the howler monkey zombie!
Lightning courses through the howler monkey zombie!
You destroy the howler monkey zombie!
Zin accepts your kill. Gastronok casts a spell at you.
You feel as though you will be slow longer.
You block Gastronok's attack.
You sock Gastronok! Lightning courses through Gastronok!
Gastronok is lightly wounded.
Gastronok casts a spell.
You feel sluggish.
You bludgeon Gastronok!! Lightning courses through Gastronok!!
Gastronok is heavily wounded.
You completely miss Gastronok.
Gastronok is heavily wounded.
Gastronok casts a spell.
You feel a sudden urge to swivel your nonexistent eyestalks around.
You hit Gastronok.
Gastronok is heavily wounded.
You block Gastronok's attack.
You sock Gastronok!
Gastronok is heavily wounded.
Gastronok bites you!!
Ouch! That really hurt!
You impale Gastronok!!
Gastronok is severely wounded.
Gastronok bites you.
You hit Gastronok.
Gastronok is severely wounded.
Gastronok casts a spell at you. You resist with significant effort.
You bludgeon Gastronok!!
Gastronok is almost dead.
Gastronok bites you!!
Ouch! That really hurt!
You die...

.. #############
...#..........<#
...#.#####..#..#
.......##..####.#
##.....#.......#
#.....##.#######
#.....'..#
.#.....####
........@..#
#..#+#...w.# #.
#.....# # #.....#
#.....# #.....#
#.....# #.....#


You could see Gastronok.

Vanquished Creatures
  Maggie (D:7)
  A hornet (D:5)
  Sigmund (D:6)
  An orc warrior (D:6)
  Duvessa (D:5)
  A black bear (D:5)
  2 necrophages
  An ice beast (D:6)
  2 sky beasts
  3 ogres
  A phantom (D:5)
  A water moccasin zombie (D:6)
  A gnoll sergeant (D:7)
  Dowan (D:5)
  3 scorpions
  2 howler monkeys (D:7)
  5 hounds
  A jelly (D:4)
  2 bullfrog skeletons
  A gnoll shaman (D:3)
  4 orc priests
  3 orc wizards
  Ijyb (D:3)
  4 iguanas
  A killer bee zombie (D:7)
  A howler monkey zombie (D:8)
  12 gnolls
  6 adders
  2 shadow imps
  2 white imps
  An ufetubus (D:5)
  A worm (D:2)
  2 dart slugs
  24 orcs
  7 endoplasms
  A giant cockroach (D:1)
  6 goblins
  4 hobgoblins
  11 jackals
  9 kobolds
  2 quokkas
  4 ball pythons
  3 bats (D:1)
  5 frilled lizards
  2 rats (D:1)
150 creatures vanquished.

Vanquished Creatures (others)
  An orc (D:5)
  4 toadstools (D:1)
5 creatures vanquished.

Grand Total: 155 creatures vanquished

Notes
Turn   | Place    | Note
-------+----------+-------------------------------------------
     0 | D:1      | Wyvernaa the Gargoyle Fighter began the quest for the Orb.
     0 | D:1      | Reached XP level 1. HP: 14/14 MP: 1/1
    34 | D:1      | Reached XP level 2. HP: 17/19 MP: 2/2
   372 | D:1      | Reached XP level 3. HP: 19/23 MP: 3/3
   501 | D:1      | Found a faded altar of an unknown god.
  1039 | D:2      | Reached skill level 3 in Maces & Flails
  1040 | D:2      | Reached XP level 4. HP: 20/28 MP: 4/4
  1125 | D:2      | Reached XP level 5. HP: 3/32 MP: 5/5
  1890 | D:3      | Noticed Ijyb
  1903 | D:3      | Killed Ijyb
  2285 | D:3      | Reached skill level 4 in Maces & Flails
  2947 | D:4      | Reached XP level 6. HP: 38/38 MP: 6/6
  2974 | D:4      | Reached skill level 1 in Dodging
  3123 | D:4      | Reached skill level 5 in Shields
  3424 | D:4      | Noticed a necrophage
  3431 | D:4      | Killed a necrophage
  3491 | D:4      | Found Kowaekh's Magic Scroll Emporium.
  3661 | D:3      | Reached XP level 7. HP: 38/43 MP: 7/7
  3720 | D:4      | Reached skill level 5 in Maces & Flails
  3850 | D:5      | Entered Level 5 of the Dungeon
  4234 | D:5      | Noticed a hornet
  4247 | D:5      | Killed a hornet
  4248 | D:5      | Reached skill level 6 in Maces & Flails
  4558 | D:5      | Reached XP level 8. HP: 48/48 MP: 8/8
  4833 | D:5      | Reached skill level 7 in Maces & Flails
  5035 | D:5      | Identified a scroll of acquirement
  5036 | D:5      | Acquired the +10 morningstar "Eos" {elec, Halo rElec}
  5037 | D:5      | Found the +10 morningstar "Eos" {elec, Halo rElec}
  5123 | D:5      | Reached skill level 5 in Armour
  5136 | D:5      | Found an opulent altar of Gozag.
  5381 | D:5      | Noticed Duvessa
  5381 | D:5      | Noticed Dowan
  5387 | D:5      | Killed Duvessa
  5388 | D:5      | Killed Dowan
  5615 | D:6      | Reached skill level 8 in Maces & Flails
  5738 | D:6      | Reached XP level 9. HP: 51/53 MP: 9/9
  5845 | D:6      | Reached skill level 5 in Fighting
  5847 | D:6      | Noticed Sigmund
  5985 | D:6      | Killed Sigmund
  5986 | D:6      | Reached skill level 9 in Maces & Flails
  6625 | D:7      | Found a staircase to the Ecumenical Temple.
  6629 | D:7      | Noticed Maggie
  6635 | D:7      | Killed Maggie
  6636 | D:7      | Reached skill level 10 in Maces & Flails
  6648 | Temple   | Entered the Ecumenical Temple
  6952 | Temple   | Became a worshipper of Zin the Law-Giver
  6952 | Temple   | Reached * piety under Zin
  7104 | D:8      | Noticed Gastronok
  7116 | D:8      | Slain by Gastronok

Illustrated notes

Levels and vault maps discovered:
D:1:      ldierk_walled_garden_2, layout_rooms,
          ebering_ecumenical_altar_sacrificial
D:2:      layout_basic, minmay_misc_feat_square, nrook_loot_triangle
D:3:      layout_loops_ring, uniq_ijyb
D:4:      layout_gridville, serial_shops, shop, st_stairs_2,
          chequers_serial_rivers_micro_c
D:5:      layout_loops_ring, nicolae_gozag_cash_rules_everything_around_me,
          uniq_duvessa
D:6:      layout_basic, uniq_sigmund
D:7:      layout_cave_pools, minmay_temple_entry_glass, uniq_maggie
D:8:      layout_basic, uniq_joseph, uniq_gastronok, uniq_prince_ribbit1
Temple:   regret_index_temple_sigil_plot

Skill      XL: |  1  2  3  4  5  6  7  8  9 |
---------------+----------------------------+-----
Maces & Flails | 3 4 6 8 10 | 10.2
Shields        | 4 5 6 7 |  7.5
Armour         | 4 5 |  5.6
Dodging        | 1 |  1.8
Fighting       | 4 5 |  5.3

Action                   |  1- 3 |  4- 6 |  7- 9 || total
-------------------------+-------+-------+-------++-------
Melee: Flail             |   132 |   178 |    95 ||   405
       Morningstar       |       |       |   103 ||   103
Evoke: Wand              |       |       |     3 ||     3
  Use: Scroll            |     1 |     6 |     4 ||    11
       Potion            |       |     3 |     3 ||     6
 Stab: Invisible         |       |     2 |       ||     2
Armor: Scale mail        |    88 |    82 |    73 ||   243
Dodge: Dodged            |    68 |    53 |    52 ||   173
Block: Kite shield       |    78 |   101 |   114 ||   293

Table legend: (Time is in decaauts)
 A = Elapsed time spent in this place.
 B = Non-inter-level travel time spent in this place.
 C = Inter-level travel time spent in this place.
 D = Time resting spent in this place.
 E = Time spent auto-exploring this place.
 F = Levels seen in this place.
 G = Mean time per level.
                   A        B        C        D        E       F      G
               +--------+--------+--------+--------+--------+-----+--------+
         Total |   7316 |   7122 |    194 |   1732 |   3458 |   9 |  812.9 |
       Dungeon |   6985 |   6840 |    145 |   1732 |   3231 |   8 |  873.1 |
        Temple |    330 |    281 |     49 |      0 |    227 |   1 |  330.0 |
               +--------+--------+--------+--------+--------+-----+--------+

Top non-repeatable levels by time:
     D:4: 1465 daAuts
     D:5: 1414 daAuts
     D:2: 1090 daAuts
     D:3: 1076 daAuts
     D:1: 771 daAuts
     D:6: 628 daAuts
     D:7: 506 daAuts
  Temple: 330 daAuts
     D:8: 31 daAuts
